[ AOE2 MATCH · #479744577 ]
UnrankedBulgarians vs Bulgarians
Player's team · WIN
[ REPLAY ANALYSIS · EXTRACTED FROM THE RECORDED GAME ]
Feudal
—
Castle
—
Imperial
—
| APM avg | 59.5 |
| APM peak | 93 |
| eAPM avg | 47.9 |
| Villagers / military | 273 / 1522 |
Focus
⚔️ 56.7% · 🌾 43.3%
Spearman ×505 · Scout Cavalry ×485 · Konnik ×169 · Knight ×120 · Cavalry Archer ×108 · Militia ×71
Feudal
—
Castle
—
Imperial
—
| APM avg | 46.2 |
| APM peak | 83 |
| eAPM avg | 39.1 |
| Villagers / military | 396 / 1202 |
Focus
⚔️ 58.6% · 🌾 41.4%
Spearman ×501 · Scout Cavalry ×268 · Konnik ×140 · Skirmisher ×122 · Knight ×69 · Scorpion ×59
Match map
Initial resources + every placement click. Lines = walls · curves = elevation contours. ◆ gold · ⬟ stone · ● berries · ✦ relic · ◌ wall gap
Your base· Open — 1t gap
SSx_Sinistro's base· Open — 2t gap
Smoothed initial terrain · ◌ = detected wall gap · hover for details
Inputs per minute
— SS_Bart - - SSx_Sinistro
Build order — SS_Bart
First 150 of 2093 actions detected
| 0:01 | Create | Villager (Male) |
| 0:01 | Create | Villager (Male) |
| 0:02 | Create | Villager (Male) |
| 0:03 | Build | House |
| 0:07 | Build | Stable |
| 0:08 | Build | Stable |
| 0:10 | Build | Stable |
| 0:12 | Create | Villager (Male) |
| 0:12 | Create | Villager (Male) |
| 0:12 | Create | Villager (Male) |
| 0:19 | Build | House |
| 0:19 | Build | House |
| 0:20 | Build | House |
| 0:21 | Build | House |
| 0:21 | Build | House |
| 0:22 | Build | House |
| 0:22 | Build | House |
| 0:23 | Build | House |
| 0:23 | Build | House |
| 0:26 | Create | Villager (Male) |
| 0:31 | Create | Villager (Male) |
| 0:46 | Create | Villager (Male) |
| 0:57 | Build | Town Center |
| 1:07 | Create | Scout Cavalry |
| 1:08 | Create | Scout Cavalry |
| 1:13 | Create | Scout Cavalry |
| 1:13 | Create | Scout Cavalry |
| 1:14 | Create | Scout Cavalry |
| 1:17 | Create | Villager (Male) |
| 1:21 | Build | Stable |
| 1:21 | Build | Stable |
| 1:22 | Build | Stable |
| 1:22 | Build | Stable |
| 1:23 | Build | Stable |
| 1:23 | Build | Stable |
| 1:27 | Create | Scout Cavalry |
| 1:27 | Create | Scout Cavalry |
| 1:27 | Create | Scout Cavalry |
| 1:31 | Create | Villager (Male) |
| 1:37 | Build | Barracks |
| 1:38 | Build | Barracks |
| 1:38 | Build | Barracks |
| 1:39 | Build | Barracks |
| 1:39 | Build | Barracks |
| 1:39 | Build | Barracks |
| 1:40 | Build | Barracks |
| 1:41 | Create | Scout Cavalry |
| 1:42 | Create | Scout Cavalry |
| 1:42 | Create | Scout Cavalry |
| 1:42 | Create | Scout Cavalry |
| 1:43 | Create | Scout Cavalry |
| 1:43 | Create | Scout Cavalry |
| 1:49 | Create | Villager (Male) |
| 1:54 | Build | Castle |
| 2:04 | Create | Knight |
| 2:05 | Create | Knight |
| 2:05 | Create | Knight |
| 2:05 | Create | Knight |
| 2:13 | Create | Villager (Male) |
| 2:23 | Create | Villager (Male) |
| 2:23 | Create | Villager (Male) |
| 2:28 | Create | Villager (Male) |
| 2:28 | Create | Villager (Male) |
| 2:30 | Build | Barracks |
| 2:30 | Build | Barracks |
| 2:34 | Create | Knight |
| 2:34 | Create | Knight |
| 2:35 | Create | Knight |
| 2:35 | Create | Knight |
| 2:35 | Create | Knight |
| 2:46 | Create | Villager (Male) |
| 2:55 | Create | Spearman |
| 2:55 | Create | Spearman |
| 2:55 | Create | Spearman |
| 2:56 | Create | Villager (Male) |
| 2:56 | Create | Villager (Male) |
| 3:00 | Build | Castle |
| 3:17 | Create | Knight |
| 3:17 | Create | Knight |
| 3:17 | Create | Knight |
| 3:23 | Create | Knight |
| 3:23 | Create | Knight |
| 3:24 | Create | Knight |
| 3:24 | Create | Knight |
| 3:36 | Create | Villager (Male) |
| 3:37 | Create | Knight |
| 3:37 | Create | Knight |
| 3:38 | Create | Knight |
| 3:39 | Create | Villager (Male) |
| 3:45 | Build | Monastery |
| 3:46 | Create | Villager (Male) |
| 3:47 | Create | Villager (Male) |
| 3:50 | Create | Spearman |
| 3:50 | Create | Spearman |
| 3:51 | Create | Spearman |
| 3:51 | Create | Spearman |
| 3:51 | Create | Spearman |
| 3:52 | Create | Knight |
| 3:52 | Create | Knight |
| 3:53 | Create | Knight |
| 3:53 | Create | Knight |
| 4:01 | Create | Spearman |
| 4:02 | Create | Spearman |
| 4:02 | Create | Spearman |
| 4:02 | Create | Spearman |
| 4:02 | Create | Spearman |
| 4:04 | Create | Villager (Male) |
| 4:04 | Create | Villager (Male) |
| 4:05 | Create | Villager (Male) |
| 4:05 | Create | Villager (Male) |
| 4:09 | Create | Spearman |
| 4:09 | Create | Spearman |
| 4:09 | Create | Spearman |
| 4:10 | Create | Spearman |
| 4:11 | Create | Knight |
| 4:11 | Create | Knight |
| 4:21 | Create | Spearman |
| 4:22 | Create | Spearman |
| 4:22 | Create | Spearman |
| 4:22 | Create | Spearman |
| 4:23 | Create | Spearman |
| 4:26 | Create | Spearman |
| 4:27 | Create | Spearman |
| 4:27 | Create | Spearman |
| 4:27 | Create | Spearman |
| 4:28 | Create | Knight |
| 4:28 | Create | Knight |
| 4:29 | Create | Knight |
| 4:34 | Build | Stable |
| 4:34 | Build | Stable |
| 4:34 | Build | Stable |
| 4:41 | Build | Barracks |
| 4:41 | Build | Barracks |
| 4:42 | Build | Barracks |
| 4:42 | Build | Barracks |
| 4:42 | Build | Barracks |
| 4:45 | Create | Monk |
| 4:48 | Create | Villager (Male) |
| 4:48 | Create | Villager (Male) |
| 4:50 | Create | Villager (Male) |
| 4:51 | Create | Villager (Male) |
| 4:56 | Create | Spearman |
| 4:56 | Create | Spearman |
| 5:09 | Create | Knight |
| 5:10 | Create | Knight |
| 5:10 | Create | Knight |
| 5:10 | Create | Knight |
| 5:11 | Create | Knight |
| 5:11 | Create | Knight |
| 5:19 | Create | Villager (Male) |
Build order — SSx_Sinistro
First 150 of 1843 actions detected
| 0:00 | Create | Villager (Male) |
| 0:01 | Create | Villager (Male) |
| 0:01 | Create | Villager (Male) |
| 0:01 | Create | Villager (Male) |
| 0:02 | Create | Villager (Male) |
| 0:03 | Build | House |
| 0:08 | Build | Stable |
| 0:09 | Create | Villager (Male) |
| 0:09 | Create | Villager (Male) |
| 0:10 | Create | Villager (Male) |
| 0:10 | Create | Villager (Male) |
| 0:10 | Create | Villager (Male) |
| 0:12 | Build | House |
| 0:13 | Build | House |
| 0:13 | Build | House |
| 0:13 | Build | House |
| 0:14 | Build | House |
| 0:16 | Create | Villager (Male) |
| 0:16 | Create | Villager (Male) |
| 0:16 | Create | Villager (Male) |
| 0:17 | Create | Villager (Male) |
| 0:17 | Create | Villager (Male) |
| 0:21 | Build | Stable |
| 0:26 | Create | Villager (Male) |
| 0:30 | Build | Stable |
| 0:36 | Build | House |
| 0:36 | Build | House |
| 0:37 | Build | House |
| 0:46 | Build | Town Center |
| 0:48 | Build | Town Center |
| 0:51 | Create | Villager (Male) |
| 1:00 | Create | Knight |
| 1:00 | Create | Knight |
| 1:01 | Create | Knight |
| 1:01 | Create | Knight |
| 1:02 | Create | Knight |
| 1:02 | Create | Knight |
| 1:02 | Create | Knight |
| 1:03 | Create | Knight |
| 1:03 | Create | Knight |
| 1:04 | Create | Knight |
| 1:04 | Create | Knight |
| 1:15 | Create | Knight |
| 1:15 | Create | Knight |
| 1:16 | Create | Knight |
| 1:16 | Create | Knight |
| 1:17 | Create | Knight |
| 1:22 | Create | Knight |
| 1:22 | Create | Knight |
| 1:22 | Create | Knight |
| 1:23 | Create | Knight |
| 1:23 | Create | Knight |
| 1:27 | Create | Villager (Male) |
| 1:35 | Build | Krepost |
| 1:43 | Build | Krepost |
| 1:44 | Create | Knight |
| 1:45 | Create | Knight |
| 1:45 | Create | Knight |
| 1:46 | Create | Knight |
| 1:46 | Create | Knight |
| 1:47 | Create | Knight |
| 1:47 | Create | Knight |
| 1:49 | Create | Villager (Male) |
| 1:52 | Build | Siege Workshop |
| 2:02 | Create | Knight |
| 2:03 | Create | Knight |
| 2:03 | Create | Knight |
| 2:24 | Create | Villager (Male) |
| 2:31 | Create | Villager (Male) |
| 2:42 | Create | Knight |
| 2:43 | Create | Knight |
| 2:43 | Create | Knight |
| 2:43 | Create | Knight |
| 2:44 | Create | Knight |
| 2:45 | Create | Scorpion |
| 2:46 | Create | Scorpion |
| 2:46 | Create | Scorpion |
| 2:47 | Create | Scorpion |
| 2:47 | Create | Scorpion |
| 2:49 | Create | Knight |
| 2:49 | Create | Knight |
| 2:50 | Create | Knight |
| 2:50 | Create | Knight |
| 3:02 | Create | Villager (Male) |
| 3:03 | Create | Knight |
| 3:03 | Create | Knight |
| 3:04 | Create | Knight |
| 3:04 | Create | Knight |
| 3:05 | Create | Knight |
| 3:05 | Create | Knight |
| 3:06 | Create | Knight |
| 3:13 | Create | Knight |
| 3:14 | Create | Knight |
| 3:17 | Create | Scorpion |
| 3:17 | Create | Scorpion |
| 3:17 | Create | Scorpion |
| 3:18 | Create | Scorpion |
| 3:24 | Create | Villager (Male) |
| 3:36 | Create | Villager (Male) |
| 3:37 | Create | Villager (Male) |
| 3:37 | Create | Villager (Male) |
| 3:38 | Create | Villager (Male) |
| 3:39 | Create | Villager (Male) |
| 3:39 | Create | Villager (Male) |
| 3:40 | Create | Villager (Male) |
| 3:40 | Create | Villager (Male) |
| 3:40 | Create | Villager (Male) |
| 3:41 | Create | Villager (Male) |
| 3:42 | Create | Konnik |
| 3:43 | Create | Konnik |
| 3:43 | Create | Konnik |
| 3:43 | Create | Konnik |
| 3:44 | Create | Konnik |
| 3:44 | Create | Konnik |
| 3:45 | Create | Konnik |
| 3:45 | Create | Konnik |
| 3:45 | Create | Konnik |
| 3:46 | Create | Konnik |
| 3:46 | Create | Konnik |
| 3:47 | Create | Scorpion |
| 3:47 | Create | Scorpion |
| 3:48 | Create | Scorpion |
| 3:49 | Create | Scout Cavalry |
| 3:49 | Create | Scout Cavalry |
| 3:50 | Create | Scout Cavalry |
| 3:51 | Create | Villager (Male) |
| 3:58 | Create | Scorpion |
| 3:59 | Create | Scorpion |
| 3:59 | Create | Scorpion |
| 4:00 | Create | Villager (Male) |
| 4:01 | Create | Villager (Male) |
| 4:01 | Create | Villager (Male) |
| 4:02 | Create | Villager (Male) |
| 4:02 | Create | Villager (Male) |
| 4:02 | Create | Villager (Male) |
| 4:13 | Build | Krepost |
| 4:25 | Create | Villager (Male) |
| 4:27 | Create | Villager (Male) |
| 4:39 | Create | Konnik |
| 4:39 | Create | Konnik |
| 4:40 | Create | Konnik |
| 4:40 | Create | Konnik |
| 4:52 | Build | Town Center |
| 4:53 | Create | Villager (Male) |
| 4:58 | Create | Konnik |
| 4:59 | Create | Konnik |
| 4:59 | Create | Konnik |
| 4:59 | Create | Konnik |
| 5:00 | Create | Konnik |
| 5:04 | Build | Krepost |
Match timeline
| 0:07 | SS_Bart · first_building Stable |
| 0:08 | SSx_Sinistro · first_building Stable |
| 1:35 | SSx_Sinistro · first_building Krepost |
| 1:37 | SS_Bart · first_building Barracks |
| 1:52 | SSx_Sinistro · first_building Siege Workshop |
| 1:54 | SS_Bart · first_building Castle |
| 3:45 | SS_Bart · first_building Monastery |
| 6:18 | SSx_Sinistro · first_building Castle |
| 8:15 | SSx_Sinistro · first_building Barracks |
| 9:58 | SSx_Sinistro · first_building Archery Range |
| 12:12 | SS_Bart · first_building Siege Workshop |
| 22:43 | SS_Bart · first_market_buy 100 wood |
| 29:03 | SS_Bart · first_market_sell 100 food |
| 31:21 | SS_Bart · first_building Krepost |
| 40:04 | SSx_Sinistro · first_market_sell 100 food |
| 42:06 | SS_Bart · first_building Archery Range |
| 54:28 | SSx_Sinistro · first_market_buy 100 food |
| 71:05 | SSx_Sinistro · resign |
[ AI ANALYSIS · 1 CREDIT ]
What really happened in this match?
Wolo.gg analyzes every decision: build order, eco, micro, common mistakes by bracket. Personalized analysis on WhatsApp or Discord in 30 seconds.
Civ guide
Bulgarians
Perfil
SS_Bart